Map: Old Republic LE

Players

Classic

  • Race: Protoss Protoss

Clem - Winner!

  • Race: Terran Terran

VOD

Have the link to the VOD?

Description

Time

  • Played on: Jan. 17, 2026, 2:03 a.m.
  • Length: 10:20
Show
View Real Time Build Order
Export as new Build Order

Classic Protoss 

Build Orders: 1 Gate Expand, Blink Stalkers 

Get SALT Encoding   

  12  0:00  Probe  
  13  0:12  Probe  
  14  0:17  Pylon  
  14  0:24  Probe  
  15  0:32  Probe  
  15  0:37  Gateway  
  15  0:40  Probe  
  16  0:46  Assimilator  
  17  0:51  Probe  
  18  1:03  Probe  
  19  1:15  Probe  
  20  1:24  Cybernetics Core  
  20  1:31  Nexus  
  20  1:37  Pylon  
  20  1:42  Probe  
  20  1:46  Assimilator  
  21  1:50  Adept  
  21  1:54  Probe  
  22  2:00  Warp Gate  
  24  2:06  Probe  
  25  2:17  Stalker  
  25  2:18  Probe  
  28  2:28  Twilight Council  
  28  2:30  Probe  
  29  2:38  Blink, Probe  
  29  2:39  Probe  
  31  2:44  Stalker  
  31  2:47  Probe x2  
  35  2:56  Probe  
  35  2:57  Probe  
  35  3:04  Gateway  
  37  3:10  Probe  
  37  3:12  Probe  
  39  3:22  Probe  
  39  3:23  Sentry  
  39  3:24  Probe, Pylon  
  43  3:34  Probe  
  43  3:36  Probe  
  45  3:45  Nexus  
  45  3:46  Probe  
  45  3:48  Probe  
  47  3:55  Pylon  
  47  3:56  Stalker  
  47  3:58  Probe  
  47  4:00  Probe  
  51  4:03  Stalker  
  51  4:08  Robotics Facility  
  53  4:13  Assimilator  
  53  4:15  Pylon  
  53  4:16  Probe  
  54  4:17  Probe  
  54  4:21  Stalker  
  57  4:24  Shield Battery  
  57  4:28  Probe  
  57  4:29  Probe  
  59  4:32  Stalker  
  59  4:37  Gateway  
  61  4:41  Probe x2  
  61  4:44  Gateway  
  63  4:51  Probe, Charge  
  63  4:53  Probe x2  
  63  4:57  Observer  
  63  4:59  Probe  
  67  5:01  Probe  
  67  5:05  Probe  
  70  5:08  Probe  
  70  5:11  Probe  
  70  5:12  Templar Archives  
  72  5:18  Probe  
  72  5:20  Probe  
  72  5:21  Gateway x2  
  74  5:23  Probe, Gateway  
  74  5:27  Gateway  
  75  5:29  Pylon  
  75  5:30  Probe  
  75  5:31  Pylon  
  75  5:35  Assimilator  
  76  5:37  Assimilator  
  76  5:38  Psionic Storm  
  76  5:41  Zealot x3  
  82  5:45  Pylon  
  82  5:48  High Templar  
  84  5:52  Pylon, Probe x3  
  86  5:59  Pylon  
  86  6:03  Zealot x3  
  92  6:11  Pylon  
  92  6:16  Probe x3  
  95  6:20  Zealot x3  
  97  6:25  Stalker x3  
  97  6:30  Zealot  
  87  6:42  Zealot x3  
  81  6:49  Zealot x3  
  81  6:53  Zealot  
  81  6:58  Stalker  
  79  7:02  Probe x3  
  79  7:05  Zealot x3  
  79  7:06  Warp Prism  
  88  7:14  Probe x2  
  88  7:15  Probe  
  91  7:22  High Templar x4  
  95  7:26  Probe x2  
  95  7:27  Probe  
  98  7:34  Assimilator  
  98  7:35  Pylon  
  98  7:38  Probe  
  98  7:39  Probe x2  
  98  7:42  High Templar x2  
  98  7:43  Zealot x2  
  109  7:47  Forge  
  109  7:48  Forge  
  109  7:54  High Templar  
  109  7:56  Nexus  
  111  8:02  Zealot x3  
  111  8:03  Zealot x2  
  120  8:06  Pylon  
  120  8:08  Pylon  
  116  8:13  Robotics Bay  
  116  8:14  Probe x3  
  116  8:19  Stalker x2  
  123  8:22  Zealot  
  123  8:25  Stalker x3  
  123  8:26  Zealot  
  133  8:31  Zealot  
  121  8:47  Nexus  
  121  8:50  Archon x2  
  121  8:51  Archon  
  121  8:52  High Templar x3  
  121  8:55  Forge  
  127  8:57  Pylon  
  127  9:00  Probe x2  
  124  9:05  Stalker x4  
  130  9:12  Zealot  
  111  9:24  Stalker x3  
  111  9:30  Zealot x4  
  107  9:34  High Templar  
  84  9:51  Zealot x7  
Show
View Real Time Build Order
Export as new Build Order

Clem Terran - Winner!

Build Orders: Cyclone Opening 

Get SALT Encoding   

  12  0:00  SCV  
  13  0:12  SCV  
  14  0:17  Supply Depot  
  14  0:24  SCV  
  15  0:38  SCV  
  15  0:39  Barracks  
  15  0:42  Refinery  
  16  0:50  SCV  
  17  1:02  SCV  
  18  1:15  SCV  
  19  1:27  Orbital Command  
  20  1:34  Command Center  
  20  1:37  Marine  
  20  1:48  Factory  
  20  1:52  SCV  
  21  1:56  Barracks Tech Lab  
  21  2:01  Supply Depot  
  21  2:05  SCV  
  22  2:09  Refinery  
  22  2:17  SCV  
  23  2:29  SCV  
  24  2:37  Cyclone  
  24  2:40  Barracks Reactor  
  24  2:42  SCV  
  24  2:43  Barracks  
  28  2:47  Orbital Command  
  28  2:54  SCV  
  29  3:04  Barracks  
  29  3:06  SCV  
  30  3:13  SCV  
  30  3:17  Marine x2  
  30  3:19  SCV  
  34  3:24  Supply Depot  
  34  3:25  SCV  
  35  3:31  SCV  
  36  3:35  Marine x2  
  36  3:38  SCV  
  36  3:39  Stimpack, Marine  
  40  3:41  Engineering Bay  
  40  3:43  SCV  
  40  3:44  Factory Tech Lab  
  40  3:47  Supply Depot  
  41  3:50  SCV  
  41  3:53  Marine x2  
  41  3:55  SCV  
  45  4:01  Starport  
  45  4:04  SCV  
  45  4:06  Marine  
  45  4:08  Terran Infantry Weapons Level 1, Combat Shield  
  47  4:11  SCV  
  47  4:14  Marine x2  
  47  4:16  SCV  
  51  4:19  Factory Reactor  
  51  4:20  Supply Depot  
  51  4:22  Marauder  
  53  4:25  SCV  
  53  4:26  Marauder  
  56  4:31  SCV  
  56  4:32  Refinery  
  56  4:33  Marine x2  
  56  4:37  SCV  
  60  4:39  Supply Depot  
  62  4:45  Marauder, SCV  
  62  4:49  SCV  
  62  4:51  Marine x2  
  66  4:54  Supply Depot  
  66  4:56  Marauder  
  66  4:57  Medivac  
  70  5:00  Supply Depot  
  70  5:01  Medivac  
  70  5:04  SCV  
  70  5:06  SCV  
  70  5:07  Factory Reactor  
  73  5:10  Marine x2  
  74  5:16  SCV  
  74  5:18  SCV  
  74  5:20  Supply Depot, Marauder  
  74  5:21  Refinery  
  78  5:22  Marauder  
  78  5:27  Marine x2  
  82  5:28  SCV  
  82  5:29  Concussive Shells  
  82  5:35  SCV  
  84  5:39  Medivac  
  86  5:44  Command Center  
  86  5:47  Marine  
  86  5:48  Supply Depot  
  87  5:51  Widow Mine x2, Marine  
  87  5:52  SCV  
  93  5:58  Marauder  
  93  5:59  Supply Depot  
  97  6:04  Marauder, SCV  
  97  6:05  SCV  
  97  6:09  Barracks  
  97  6:11  Barracks  
  99  6:16  Widow Mine x2  
  102  6:18  Terran Infantry Armor Level 1  
  102  6:20  SCV  
  102  6:21  SCV  
  102  6:23  Marine x2  
  106  6:32  Medivac x2  
  107  6:33  Marauder  
  107  6:34  SCV  
  107  6:37  SCV, Marauder  
  109  6:41  Widow Mine x2  
  109  6:43  Marine x2  
  109  6:50  Supply Depot  
  104  6:56  Marauder  
  104  7:00  Orbital Command  
  100  7:01  Ghost Academy  
  100  7:03  Marine x2, Barracks Tech Lab  
  100  7:04  Barracks Tech Lab  
  100  7:05  SCV  
  100  7:06  SCV  
  100  7:08  Marauder  
  100  7:12  Medivac  
  95  7:17  SCV  
  95  7:18  Marauder, SCV  
  95  7:22  Medivac  
  98  7:24  Marine x2  
  98  7:25  SCV  
  98  7:26  Marauder x2  
  98  7:28  Refinery  
  98  7:29  Refinery, SCV  
  106  7:32  Ghost  
  106  7:36  SCV  
  109  7:38  Ghost  
  109  7:39  Widow Mine x2  
  109  7:44  SCV  
  114  7:45  Supply Depot  
  114  7:46  Medivac, Marine x2  
  114  7:47  SCV  
  114  7:48  SCV  
  120  7:55  Marauder x2  
  120  7:56  Supply Depot, SCV  
  123  7:59  SCV  
  123  8:02  Widow Mine x2, Medivac  
  123  8:03  Supply Depot, SCV  
  131  8:08  Bunker  
  131  8:10  Ghost  
  131  8:11  Marine x2, Sensor Tower  
  130  8:15  Supply Depot  
  130  8:17  Marauder x2  
  132  8:21  Supply Depot  
  132  8:22  Marine  
  133  8:29  Marine  
  133  8:30  Marine  
  133  8:32  Command Center  
  132  8:35  Viking  
  132  8:40  Marauder  
  132  8:41  Marauder, Starport  
  135  8:43  Marauder  
  137  8:50  Marine x2, Armory  
  137  8:51  Engineering Bay  
  139  8:56  Ghost, Supply Depot  
  139  8:57  Missile Turret  
  139  9:01  SCV, Ghost  
  139  9:02  Marine  
  143  9:03  SCV  
  143  9:05  Marine  
  143  9:06  SCV  
  143  9:09  Marine x2  
  141  9:12  Viking  
  141  9:13  Viking, SCV  
  143  9:19  Ghost  
  143  9:23  Marine  
  146  9:25  Marauder  
  146  9:27  Command Center  
  146  9:28  Marine  
  146  9:30  Marauder, Medivac  
  150  9:34  Supply Depot  
  150  9:35  Marine  
  150  9:36  Supply Depot  
  150  9:37  Medivac  
  146  9:41  Marauder  
  146  9:44  SCV  
  146  9:46  Marine, Marauder  
  146  9:49  Marauder  
  146  9:50  SCV  
  146  9:52  Marauder  
  147  9:54  Marine  
  147  9:55  SCV  
Tags
 
Add a new tag
Caveats
  • Supply blocks, unpowered buildings, or Contaminate may cause inaccurate times.
  • Supply counts are checked every 10 seconds.